 Dungeon Crawl Stone Soup version 0.21.1-1-g345015f (webtiles) character file.

219 Inarius the Sneak (level 5, -2/31 HPs)
             Began as an Octopode Ice Elementalist on July 5, 2018.
             Killed by nerve-wracking pain
             ... invoked by Grinder
              (8 damage)
             ... on level 3 of the Dungeon.
             The game lasted 00:04:11 (2312 turns).

Inarius the Sneak (Octopode Ice Elementalist)       Turns: 2312, Time: 00:04:12

Health: -2/31      AC:  6    Str:  7    XL:     5   Next: 96%
Magic:  5/9        EV: 13    Int: 18    God:
Gold:   140        SH:  0    Dex: 13    Spells: 2/10 levels left

rFire    . . .     SeeInvis .   g - +0 dagger
rCold    . . .     Gourm    .   (no shield)
rNeg     . . .     Faith    .   (helmet restricted)
rPois    .         Spirit   .   j - amulet of regeneration
rElec    .         Reflect  .   (no ring)
rCorr    .         Harm     .   (no ring)
MR       .....                  (no ring)
Stlth    ++++......             (no ring)
HPRegen  0.50/turn              (no ring)
MPRegen  0.11/turn              (no ring)
                                (no ring)
                                (no ring)

@: icy armour, about to teleport, slow
A: almost no armour, stealthy swim, amphibious, 8 rings, constrict 8, camouflage
1, gelatinous body 1
a: no special abilities


You were on level 3 of the Dungeon.
You were hungry.

You visited 1 branch of the dungeon, and saw 3 of its levels.

You collected 140 gold pieces.

Inventory:

Hand Weapons
 g - a +0 dagger (weapon)
Missiles
 l - 7 poisoned tomahawks (quivered)
Jewellery
 j - an amulet of regeneration (around mantle)
Scrolls
 d - a scroll of remove curse {unknown}
 f - a scroll of random uselessness {unknown}
 h - 6 scrolls of identify {unknown}
 i - 2 scrolls of teleportation
 k - a scroll of enchant armour {unknown}
 m - a scroll of immolation {unknown}
Potions
 c - 2 potions of invisibility {unknown}
 e - 2 potions of curing
 n - a potion of heal wounds {unknown}
Books
 a - a book of Frost

   Spells                             Type                      Level
   a - Freeze                         Ice                          1
   b - Throw Frost                    Conjuration/Ice              2
   c - Ozocubu's Armour               Charms/Ice                   3
   d - Throw Icicle                   Conjuration/Ice              4
   e - Summon Ice Beast               Ice/Summoning                4
Comestibles
 b - 2 rations


   Skills:
 + Level 2.1 Dodging
 - Level 5.1 Stealth
 + Level 3.0 Spellcasting
 + Level 1.0 Conjurations
 + Level 0.5 Charms
 * Level 4.8 Ice Magic


You had 2 spell levels left.
You knew the following spells:

 Your Spells              Type           Power        Failure   Level  Hunger
a - Freeze                Ice            ###.         2%          1    None
b - Ozocubu's Armour      Chrm/Ice       ##......     16%         3    ###....
c - Throw Icicle          Conj/Ice       ##......     43%         4    ####...


Dungeon Overview and Level Annotations

Branches:
Dungeon (3/15)

Altars:

Annotations:
D:3 Grinder, Terence


Innate Abilities, Weirdness & Mutations

You cannot wear most types of armour.
You are very stealthy in the water. (Stealth+)
You are amphibious.
You can wear up to eight rings at the same time.
You can use your tentacles to constrict eight enemies at once.
Your skin changes colour to match your surroundings (Stealth+).
Your rubbery body absorbs attacks. (AC +1, EV +1)


Message History

Grinder gestures at you.
You barely resist.
As you read the scroll labeled WAFFERPHA WUEB, it crumbles to dust.
You feel strangely unstable.
It was a scroll of teleportation.
You constrict Grinder. Grinder hits you.
* * * LOW HITPOINT WARNING * * *
Terence drinks a potion.
Terence seems to speed up.
Casting: Freeze
Confirm with . or Enter, or press ? or * to list all spells.
Aiming: Freeze
Press: ? - help, Shift-Dir - straight line, f/p - Grinder
Aim: Grinder (lightly wounded, constricted by you)
Okay, then.
It was a potion of curing.
You feel better.
You constrict Grinder. Grinder hits you.
You writhe in agony.
* * * LOW HITPOINT WARNING * * *
You release your grip on Grinder.
Grinder gestures at you. Pain shoots through your body!
You die...

### .. #.### ....
###..# +...@#
#..#######..
#.5........
#.@#######. #..##
#######...######
...............+
#######.#..#####
#.......##.########
#.......##..##....#
#.......+....+....+
#.......###..#....#


You could see Grinder and Terence.

Vanquished Creatures
  Sigmund (D:2)
  4 adders
  An ooze (D:1)
  A dart slug (D:2)
  2 leopard geckos
  An orc (D:3)
  4 goblins (D:1)
  2 hobgoblins
  A quokka (D:3)
  A ball python (D:1)
  5 bats
  A frilled lizard (D:3)
  2 kobolds
  4 rats
30 creatures vanquished.

Notes
Turn   | Place    | Note
-------+----------+-------------------------------------------
     0 | D:1      | Inarius the Octopode Ice Elementalist began the quest for the Orb.
     0 | D:1      | Reached XP level 1. HP: 11/11 MP: 3/3
   556 | D:1      | Reached XP level 2. HP: 17/17 MP: 3/5
   693 | D:1      | Reached skill level 3 in Stealth
  1238 | D:2      | Reached XP level 3. HP: 19/21 MP: 2/6
  1324 | D:2      | Learned a level 3 spell: Ozocubu's Armour
  1756 | D:2      | Noticed Sigmund
  1765 | D:2      | Killed Sigmund
  1765 | D:2      | Reached skill level 4 in Stealth
  1765 | D:2      | Reached XP level 4. HP: 27/27 MP: 2/8
  1765 | D:2      | Reached XP level 5. HP: 31/31 MP: 2/9
  1831 | D:2      | Learned a level 4 spell: Throw Icicle
  2222 | D:3      | Reached skill level 5 in Stealth
  2300 | D:3      | Noticed Grinder
  2309 | D:3      | Noticed Terence
  2312 | D:3      | Killed from afar by Grinder

Skill      XL: |  1  2  3  4  5 |
---------------+----------------+-----
Stealth        | 3 4 5 |  5.1
Ice Magic      | 4 |  4.8
Spellcasting   | 3 |  3.0
Dodging        | |  2.1
Conjurations   | |  1.0
Charms         | |  0.5

Action                   |  1- 3 |  4- 6 || total
-------------------------+-------+-------++-------
Melee: Unarmed           |     6 |       ||     6
       Constrict         |     9 |     6 ||    15
       Dagger            |    21 |    14 ||    35
       Tentacles         |     2 |     1 ||     3
 Cast: Freeze            |    15 |     6 ||    21
       Ozocubu's Armour  |     3 |     2 ||     5
  Use: Scroll            |       |     1 ||     1
       Potion            |       |     1 ||     1
 Stab: Sleeping          |    12 |     1 ||    13
  Eat: Chunk             |     3 |     1 ||     4
Armor: Skin              |     7 |     1 ||     8
Dodge: Dodged            |    20 |     7 ||    27
